 Dungeon Crawl Stone Soup version 0.22.1-1-ga44c0e5 (webtiles) character file.

136 Maffolandro the Skirmisher (level 5, 0/66 HPs)
             Began as a Human Wanderer on Oct 29, 2018.
             Was an Initiate of Elyvilon.
             Splashed by Ijyb's acid (13 damage)
             ... on level 3 of the Dungeon.
             The game lasted 00:12:16 (3125 turns).

Maffolandro the Skirmisher (Human Wanderer)         Turns: 3125, Time: 00:12:17

Health: 0/66       AC: 22    Str: 12    XL:     5   Next: 43%
Magic:  5/5        EV:  2    Int: 12    God:    Elyvilon [......]
Gold:   126        SH:  0    Dex: 14    Spells: 4/4 levels left

rFire    . . .     SeeInvis .   a - +2 hand axe
rCold    . . .     Gourm    .   (no shield)
rNeg     + + +     Faith    .   (armour currently unavailable)
rPois    +         Spirit   .   (helmet currently unavailable)
rElec    .         Reflect  .   (cloak currently unavailable)
rCorr    .         Harm     .   (gloves currently unavailable)
MR       .....     NoTele   +   (boots currently unavailable)
Stlth    ++........             (no amulet)
HPRegen  0.21/turn              (no ring)
MPRegen  0.09/turn              (no ring)

@: tree-form, very slow
A: no striking features
a: Renounce Religion


You were on level 3 of the Dungeon.
You worshipped Elyvilon.
Elyvilon was noncommittal.
You were not hungry.
You were a tree.
You visited 1 branch of the dungeon, and saw 3 of its levels.

You collected 126 gold pieces.

Inventory:

Hand Weapons
 a - a +2 hand axe (weapon)
 b - a +0 blowgun
 i - a +0 spear
Missiles
 l - 7 tomahawks (quivered)
 n - 68 arrows
 s - 23 poisoned needles
Armour
 c - a +0 robe
 g - a +0 scale mail (melded)
Scrolls
 f - 4 scrolls of teleportation {unknown}
 h - 3 scrolls of identify {unknown}
 k - a scroll of noise {unknown}
 o - a scroll of remove curse {unknown}
 q - a scroll of immolation {unknown}
 r - a scroll of enchant armour {unknown}
 t - a scroll of fog {unknown}
Potions
 e - a potion of brilliance {unknown}
 j - a potion of heal wounds {unknown}
 m - a potion of curing
 p - a potion of lignification
 v - a potion of flight {unknown}
Comestibles
 d - 6 rations
 u - 19 chunks of flesh


   Skills:
 * Level 5.1 Fighting
 + Level 4.7 Axes
 - Level 1.0 Throwing
 - Level 2.0 Dodging
 - Level 1.0 Stealth


You had 4 spell levels left.
You didn't know any spells.
Your spell library was empty.

Dungeon Overview and Level Annotations

Branches:
Dungeon (3/15)

Altars:
Cheibriados
Elyvilon
Makhleb
Xom

Annotations:
D:3 Ijyb


Message History

You close the door.
There's nothing to close nearby.
There's nothing to close nearby.
There's nothing to close nearby.
There's nothing to close nearby.
There's nothing to close nearby.
There's nothing to close nearby.
There's nothing to close nearby.
There's nothing to close nearby.
There's nothing to close nearby.
There's nothing to close nearby.
It was a potion of curing.
You feel better.
Ijyb opens the door.
You close the door.
Ijyb opens the door.
You turn into a tree.
Your +0 scale mail melds into your body.
Your roots penetrate the ground.
Ijyb hits you but does no damage.
You closely miss Ijyb.
Ijyb zaps a wand.
The bolt of acid hits you!
* * * LOW HITPOINT WARNING * * *
You are splashed with acid!
The acid burns!
You die...

########. #####....#
......##.##≈≈♣##'###
##.##.#..'≈♣♣#♣≈÷##
#...#....#≈♣#♣≈♣♣≈#
........##♣÷♣≈♣#♣≈#
....#.###♣#♣≈≈≈♣#♣#
#..##.# #≈♣#♣≈♣≈♣# #
..... #
#≈♣♣≈♣#♣≈#.## ..##.#
##≈≈♣# ♣♣g.?# ...#)#
###'##♣≈≈♣#..#
......##.(..#### .#
...#.....#.#.# #
#..##(#..... ....
$...$.### #.
##.##### #.# #.#


You could see Ijyb.

Vanquished Creatures
  An orc wizard (D:3)
  A gnoll (D:1)
  5 adders
  An ooze (D:3)
  A worm (D:3)
  A dart slug (D:1)
  A leopard gecko (D:1)
  4 orcs (D:3)
  6 ball pythons (D:3)
  2 bats (D:2)
  A giant cockroach (D:2)
  2 hobgoblins
  4 jackals (D:3)
  4 kobolds
  A quokka (D:3)
  5 rats
40 creatures vanquished.

Notes
Turn   | Place    | Note
-------+----------+-------------------------------------------
     0 | D:1      | Maffolandro the Human Wanderer began the quest for the Orb.
     0 | D:1      | Maffolandro set off with: a +2 hand axe, 2 potions of
                  | lignification, a +0 robe, a ration
     0 | D:1      | Reached XP level 1. HP: 21/21 MP: 1/1
   128 | D:1      | Reached XP level 2. HP: 6/27 MP: 2/2
   648 | D:1      | Found an iron altar of Okawaru.
   650 | D:1      | Found a bloodstained altar of Trog.
   650 | D:1      | Found a glowing silver altar of Zin.
   652 | D:1      | Found a shimmering altar of Xom.
   652 | D:1      | Found a deep blue altar of Sif Muna.
   652 | D:1      | Found a shadowy altar of Dithmenos.
  1127 | D:2      | Reached XP level 3. HP: 33/33 MP: 3/3
  1650 | D:2      | Found a white marble altar of Elyvilon.
  1660 | D:2      | Became a worshipper of Elyvilon the Healer
  1973 | D:2      | Found a snail-covered altar of Cheibriados.
  2094 | D:3      | Reached XP level 4. HP: 37/39 MP: 4/4
  2547 | D:3      | Reached XP level 5. HP: 39/44 MP: 5/5
  2556 | D:3      | Found a burning altar of Makhleb.
  2562 | D:3      | Noticed a green death
  3089 | D:3      | Noticed Ijyb
  3125 | D:3      | Splashed by Ijyb's acid

Skill      XL: |  1  2  3  4 |
---------------+-------------+-----
Axes           | 2 3 4 |  4.7
Fighting       | |  5.1
Throwing       | |  1.0
Dodging        | |  2.0
Stealth        | |  1.0

Action                   |  1- 3 |  4- 6 || total
-------------------------+-------+-------++-------
Melee: Hand axe          |    65 |   102 ||   167
 Fire: Blowgun           |       |     2 ||     2
Throw: Tomahawk          |     2 |       ||     2
  Use: Potion            |       |     2 ||     2
  Eat: Chunk             |     2 |     5 ||     7
Armor: Scale mail        |    29 |    39 ||    68
       Skin              |       |     1 ||     1
Dodge: Dodged            |    31 |    59 ||    90
